AoeStats
← 风暴浩然

Nomad

507681668Analyzed
4v4 RM · 14d ago on Sep 19, 2026· 52m 36s· 8 players
Game mode
Random Map
Map size
231×231
Population
200
Speed
Normal
Resources
Standard
Victory
Conquest
Starting age
Dark Age
Ending age
Imperial Age
RankedLock teamsTeams togetherTeam positionsShared explorationLock speedFull tech treeHidden civsTurbo modeCheats
Victory
Defeat
🇨🇳 Portuguese · China
944
+18
🇭🇰 Franks · Hong Kong SAR China
936
+18
🇹🇼 Teutons · Taiwan
924
+18
🇳🇱 Persians · Netherlands
901
+19
🇮🇳 Khitans · India
1001
-20
🇦🇺 Poles · Australia
1000
-59
🇹🇼 Japanese · Taiwan
973
-18
🇳🇿 Spanish · New Zealand
926
-16
MR.MAP
16:40 Feudal Age
23:29 Castle Age
23:15 Double-Bit Axe
24:40 Bow Saw
27:28 Stone Mining
27:29 Gold Mining
35:45 Horse Collar
36:16 Fishing Lines
37:14 Wheelbarrow
36:24 Town Watch
36:25 Loom
39:50 Imperial Age
37:31 Gillnets
37:52 Heavy Plow
38:09 Forging
37:50 Fletching
38:06 Scale Barding Armor
38:41 Hand Cart
39:06 Bloodlines
39:36 Iron Casting
40:19 Chain Barding Armor
39:54 Bodkin Arrow
40:52 Conscription
39:55 Cavalier
41:01 Paladin
42:27 Plate Barding Armor
42:53 Blast Furnace
41:55 Scale Mail Armor
43:39 Crop Rotation
45:21 Two-Man Saw
47:37 Chemistry
48:40 Ballistics
48:31 Masonry
风暴戴
15:12 Feudal Age
20:36 Castle Age
18:40 Double-Bit Axe
18:47 Fishing Lines
20:55 Loom
22:07 Bow Saw
22:29 Gillnets
25:11 Husbandry
26:05 Forging
26:02 Scale Barding Armor
28:41 Wheelbarrow
30:29 Chain Barding Armor
31:53 Town Watch
33:27 Hand Cart
37:38 Imperial Age
35:21 Stone Mining
35:22 Gold Mining
37:40 Cavalier
39:11 Gold Shaft Mining
39:11 Chivalry
39:35 Conscription
40:11 Paladin
41:13 Murder Holes
42:51 Plate Barding Armor
42:51 Iron Casting
47:05 Blast Furnace
风暴浩然
15:00 Feudal Age
20:19 Castle Age
18:52 Horse Collar
20:23 Double-Bit Axe
22:39 Stone Mining
22:46 Man-at-Arms
23:27 Long Swordsman
25:02 Scale Mail Armor
28:26 Wheelbarrow
27:37 Loom
27:37 Town Watch
29:32 Hand Cart
30:00 Treadmill Crane
30:58 Ballistics
32:42 Masonry
34:26 Gold Mining
36:25 Stone Shaft Mining
36:27 Fishing Lines
37:53 Heavy Plow
39:11 Chain Mail Armor
39:06 Forging
40:36 Circumnavigation
41:16 Gillnets
41:40 Town Patrol
41:48 Pikeman
45:57 Imperial Age
43:44 Bow Saw
45:20 Heated Shot
45:26 Murder Holes
45:42 Fortified Wall
45:27 Fletching
45:37 Padded Archer Armor
46:12 Iron Casting
45:43 Scale Barding Armor
47:17 Conscription
46:35 Elite Organ Gun
48:17 Arquebus
48:06 Two-Handed Swordsman
51:30 Two-Man Saw
51:03 Crop Rotation
51:34 Bodkin Arrow
51:54 Leather Archer Armor
52:40 Blast Furnace
52:10 Plate Mail Armor
52:14 Architecture
51:41 Pikeman
51:42 Champion
52:56 Gambesons
prsdntsdghtr
5:12 Loom
11:33 Feudal Age
19:18 Castle Age
18:01 Horse Collar
18:11 Double-Bit Axe
19:57 Wheelbarrow
21:32 Bow Saw
30:52 Fishing Lines
31:29 Town Watch
35:51 Medium Warships
38:27 Gold Mining
38:55 Hand Cart
42:44 Gold Shaft Mining
42:30 Gillnets
48:34 Imperial Age
47:33 Husbandry
47:43 Bloodlines
49:59 Two-Man Saw
48:41 Horse Collar
52:11 Forging
52:07 Scale Barding Armor
*Lord*
4:25 Loom
17:08 Feudal Age
21:26 Castle Age
19:33 Fishing Lines
19:51 Domestication
21:00 Double-Bit Axe
24:45 Lamellar Armor
24:51 Lamellar Armor
24:58 Bow Saw
28:23 Pastoralism
28:17 Fletching
30:02 Bodkin Arrow
31:18 Gillnets
31:40 Medium Warships
33:31 Wheelbarrow
35:20 Hand Cart
39:05 Imperial Age
37:38 Scale Barding Armor
37:47 Forging
37:37 Scale Mail Armor
37:58 Squires
37:45 Gambesons
37:46 Arson
38:58 Murder Holes
38:44 Treadmill Crane
39:25 Ballistics
40:44 Iron Casting
40:25 Chain Mail Armor
40:12 Bracer
41:15 Chemistry
40:21 Siege Engineers
41:12 Conscription
41:35 Elite Fire Lancer
43:36 Elite Liao Dao
44:23 Pikeman
45:34 Parthian Tactics
45:15 Thumb Ring
46:58 Husbandry
46:36 Heavy Camel Rider
47:37 Scale Barding Armor
47:25 Treadmill Crane
48:54 Transhumance
Kuro
6:41 Loom
15:17 Feudal Age
15:44 Man-at-Arms
16:36 Double-Bit Axe
18:32 Forging
19:25 Scale Mail Armor
19:15 Arson
25:28 Horse Collar
30:08 Castle Age
31:24 Long Swordsman
32:07 Squires
31:52 Gambesons
32:24 Chain Mail Armor
32:46 Iron Casting
32:32 Bow Saw
32:27 Heavy Plow
37:15 Imperial Age
35:21 Gold Mining
36:56 Fletching
36:30 Pikeman
39:36 Two-Man Saw
38:51 Halberdier
44:26 Plate Mail Armor
45:34 Bodkin Arrow
Lucky_88
27:03 Feudal Age
funnyprofilename
15:05 Feudal Age
15:15 Loom
19:23 Castle Age
17:23 Horse Collar
20:39 Double-Bit Axe
27:17 Devotion
32:21 Padded Archer Armor
33:36 Wheelbarrow
37:41 Imperial Age
35:44 Bow Saw
38:00 Heavy Plow
38:03 Fletching
40:31 Gold Mining
40:56 Scale Barding Armor
41:06 Forging
40:36 Light Cavalry
41:18 Husbandry
41:26 Hussar
42:18 Bloodlines
44:05 Chain Barding Armor
45:07 Conscription
45:49 Plate Barding Armor
45:50 Iron Casting
45:11 Bodkin Arrow
47:17 Ballistics
47:08 Masonry
48:27 Bracer
Connection lost

Rejoining the realm…

Still unreachable

The connection could not be restored.

Session expired

The server has moved on; the page needs a fresh start.